 Dungeon Crawl Stone Soup version 0.29.0-4-gdea44cf6ec (webtiles) character file.

Game seed: 18020241173884321211

110 qw the Chopper (level 4, -3/36 HPs)
             Began as a Barachi Chaos Knight on Sept 4, 2022.
             Slain by Grinder (5 damage)
             ... while paralysed by Grinder
             ... on level 3 of the Dungeon.
             The game lasted 00:01:04 (2451 turns).

qw the Chopper (Barachi Chaos Knight)               Turns: 2451, Time: 00:01:04

Health: -3/36      AC:  8    Str: 15    XL:     4   Next: 91%
Magic:  4/4        EV:  2    Int: 12    God:
Gold:   56         SH:  0    Dex: 12    Spells: 3/3 levels left

rFire   . . .      SeeInvis .   Y - +1 war axe
rCold   . . .      Faith    .   (no shield)
rNeg    . . .      Spirit   .   a - +0 scale mail
rPois   .          Reflect  .   (no helmet)
rElec   .          Harm     .   (no cloak)
rCorr   .          Rampage  .   h - +1 pair of gloves
Will    .....                   (no boots)
Stlth   ..........              (no amulet)
HPRegen 0.12/turn               (no ring)
MPRegen 0.09/turn               (no ring)

@: paralysed, slow
A: amphibious, slowness 1, strong legs 1, +LOS
a: Hop


You were on level 3 of the Dungeon.
You visited 1 branch of the dungeon, and saw 3 of its levels.

You collected 81 gold pieces.
You spent 25 gold pieces at shops.


Innate Abilities, Weirdness & Mutations

You are amphibious.
You cover ground slowly.
You can hop short distances.
You have an extended range of vision and can be seen from far away.


   Skills:
 - Level 3.6 Fighting
 + Level 5.8 Axes
 - Level 1.0 Throwing
 - Level 2.4 Armour
 - Level 1.1 Dodging


You had 3 spell levels left.
You didn't know any spells.
Your spell library was empty.

Inventory:

Hand Weapons
 f - a +0 whip
 Y - a +1 war axe (weapon)
Missiles
 n - 2 javelins (quivered)
Armour
 a - a +0 scale mail (worn)
 g - the +1 robe "Tilanosm" {rF++ Dex+5 Stlth-}
   (You found it on level 2 of the Dungeon)

   Dex:       It affects your dexterity (+5).
   rF:        It greatly protects you from fire.
   Stlth:     It makes you less stealthy.
 h - a +1 pair of gloves (worn)
Jewellery
 b - an amulet of magic regeneration
Scrolls
 e - a scroll of teleportation
 i - a scroll of fog {unknown}
Potions
 d - 4 potions of curing
 j - a potion of attraction {unknown}
 l - a potion of haste {unknown}
 m - a potion of heal wounds {unknown}
 o - a potion of brilliance {unknown}
Miscellaneous
 c - a piece from Xom's chessboard (15/15)

Dungeon Overview and Level Annotations

Branches:
Dungeon (3/15)

Altars:
Nemelex Xobeh

Shops:
D:2 *

Annotations:
D:3 Grinder


Message History

Grinder is nearby!
2243 ||| READING 2 scrolls of teleportation.
As you read the scroll of teleportation, it crumbles to dust.
You feel strangely unstable.
Grinder shouts!
Grinder blinks!
Grinder gestures at you.
You suddenly lose the ability to move!
Your surroundings suddenly seem different.
Found a sparkling altar of Nemelex Xobeh.
You can move again.
You start resting.
Grinder is nearby!
2416 ||| Stepping ~*~*~tactically~*~*~ (stealth).
You start resting.
Grinder is nearby!
2422 ||| Stepping ~*~*~tactically~*~*~ (stealth).
You start resting.
Grinder is nearby!
2443 ||| Stepping ~*~*~tactically~*~*~ (stealth).
Grinder shouts!
Grinder gestures at you. Pain shoots through your body!
You barely miss Grinder.
Grinder is moderately wounded.
Grinder gestures at you.
You barely resist. You closely miss Grinder.
Grinder is moderately wounded.
Grinder gestures at you.
You barely resist. Grinder gestures at you.
You suddenly lose the ability to move!
Grinder gestures at you. Pain shoots through your body!
A dart slug comes into view.
Grinder hits you but does no damage. Grinder hits you. x2
You writhe in agony.
You die...

........#..>..#..........#...#
....#.....#####..............#
#####.#.#.# #......##.......#
#.<....#.# ##.#...###5.....5#
########## #................#
#.....###........# ..
#.....#.....#..###
.....#####.##...###.##
.....8#...@......##.#
.....##...5......#..#
8...8###.....>.....## ##_
#........... # ............
###.......... ...........
#w......... ...........


You could see Grinder and a dart slug.

Vanquished Creatures
  A hound (D:3)
  2 adders
  A worm (D:2)
  6 ball pythons
  4 bats
  9 endoplasms
  3 giant cockroaches
  6 goblins
  4 hobgoblins
  5 jackals (D:1)
  2 quokkas (D:1)
  3 frilled lizards (D:1)
  4 kobolds
  6 rats
56 creatures vanquished.

Notes
Turn   | Place    | Note
-------+----------+-------------------------------------------
     0 | D:1      | qw the Barachi Chaos Knight began the quest for the Orb.
     0 | D:1      | Reached XP level 1. HP: 18/18 MP: 1/1
     0 | D:1      | 0 ||| qw: Version: 0.1-a-102-g441f92d
     0 | D:1      | 0 ||| qw: Game counter: 5366
     0 | D:1      | 0 ||| qw: Always use a shield: true
     0 | D:1      | 0 ||| qw: God list: Okawaru
     0 | D:1      | 0 ||| qw: Allow faded altars: false
     0 | D:1      | 0 ||| qw: Do Orc after D:15 true
     0 | D:1      | 0 ||| qw: Do second Lair branch before Depths: true
     0 | D:1      | 0 ||| qw: Lair rune preference: random
     0 | D:1      | 0 ||| qw: Plans: Normal
     0 | D:1      | 0 ||| PLANNING D:1-11
     0 | D:1      | Fell from the grace of Xom
    45 | D:1      | Reached XP level 2. HP: 21/24 MP: 2/2
   139 | D:1      | 139 ||| SWAPPING to +0 war axe.
   143 | D:1      | Reached skill level 4 in Axes
   143 | D:1      | 143 ||| DROPPING +0 hand axe of chaos.
   145 | D:1      | 145 ||| Stepping ~*~*~tactically~*~*~ (stealth).
   251 | D:1      | 251 ||| Stepping ~*~*~tactically~*~*~ (stealth).
   259 | D:1      | 259 ||| Stepping ~*~*~tactically~*~*~ (stealth).
   485 | D:1      | Found a faded altar of an unknown god.
   607 | D:1      | Reached skill level 1 in Throwing
   607 | D:1      | Reached XP level 3. HP: 27/29 MP: 3/3
   638 | D:1      | XOM: torment (16/29 hp)
  1150 | D:1      | 1150 ||| UPGRADING to +0 scale mail.
  1160 | D:1      | 1160 ||| DROPPING +2 leather armour.
  1161 | D:1      | 1161 ||| READING scroll labelled QUCSIKYTWUFRE.
  1162 | D:1      | 1162 ||| READING scroll labelled JIGRUU HELL.
  1163 | D:1      | 1163 ||| READING scroll labelled NOKHLY LOIGOW.
  1164 | D:1      | 1164 ||| READING scroll labelled BOWKEU NIUFUI.
  1165 | D:1      | 1165 ||| READING scroll labelled BIFODA XOFFOUD.
  1166 | D:1      | 1166 ||| READING scroll labelled BUESOA JUUREA.
  1167 | D:1      | 1167 ||| DRINKING 2 white potions.
  1168 | D:1      | 1168 ||| Stepping randomly (stuck).
  1169 | D:1      | 1169 ||| Stepping ~*~*~tactically~*~*~ (cloud).
  1465 | D:2      | Found Cail's Assorted Antiques.
  1479 | D:2      | 1479 ||| Stepping ~*~*~tactically~*~*~ (stealth).
  1483 | D:2      | 1483 ||| Stepping ~*~*~tactically~*~*~ (stealth).
  1491 | D:2      | 1491 ||| Stepping ~*~*~tactically~*~*~ (stealth).
  1492 | D:2      | 1492 ||| Stepping ~*~*~tactically~*~*~ (stealth).
  1493 | D:2      | 1493 ||| Stepping ~*~*~tactically~*~*~ (stealth).
  1502 | D:2      | 1502 ||| Stepping ~*~*~tactically~*~*~ (stealth).
  1515 | D:2      | 1515 ||| SHOPLISTING flail (87 gold, have 35).
  1515 | D:2      | 1515 ||| SHOPLISTING potion of curing (75 gold, have 35).
  1515 | D:2      | 1515 ||| BUYING scroll labelled DITTEI RIRYCH (25 gold).
  1515 | D:2      | Bought a scroll labelled DITTEI RIRYCH for 25 gold pieces
  1515 | D:2      | 1515 ||| SHOPLISTING scroll of identify (50 gold, have 10).
  1527 | D:2      | Identified the +1 robe "Tilanosm" {rF++ Dex+5 Stlth-}
  1719 | D:2      | 1719 ||| Stepping ~*~*~tactically~*~*~ (stealth).
  1720 | D:2      | 1720 ||| Stepping ~*~*~tactically~*~*~ (stealth).
  1746 | D:2      | 1746 ||| Stepping ~*~*~tactically~*~*~ (stealth).
  1761 | D:2      | Reached skill level 5 in Axes
  1825 | D:2      | Reached XP level 4. HP: 35/36 MP: 4/4
  1964 | D:2      | XOM: noise
  2040 | D:2      | 2040 ||| UPGRADING to +0 pair of gloves.
  2045 | D:2      | 2045 ||| READING scroll of enchant armour.
  2045 | D:2      | 2045 ||| ENCHANTING +0 pair of gloves.
  2046 | D:2      | 2046 ||| DROPPING ring of magical power.
  2047 | D:2      | 2047 ||| READING scroll labelled PUILAO SAPN.
  2048 | D:2      | 2048 ||| READING 4 scrolls labelled DITTEI RIRYCH.
  2104 | D:3      | 2104 ||| Stepping ~*~*~tactically~*~*~ (stealth).
  2106 | D:3      | 2106 ||| Stepping ~*~*~tactically~*~*~ (stealth).
  2108 | D:3      | 2108 ||| Stepping ~*~*~tactically~*~*~ (stealth).
  2180 | D:3      | 2180 ||| Stepping ~*~*~tactically~*~*~ (stealth).
  2200 | D:3      | 2200 ||| Stepping ~*~*~tactically~*~*~ (stealth).
  2224 | D:3      | Noticed Grinder
  2234 | D:3      | HP: 3/36 [Grinder (7)]
  2235 | D:3      | 2235 ||| READING 3 scrolls of teleportation.
  2243 | D:3      | 2243 ||| READING 2 scrolls of teleportation.
  2244 | D:3      | Paralysed by Grinder for 2 turns
  2245 | D:3      | Found a sparkling altar of Nemelex Xobeh.
  2416 | D:3      | 2416 ||| Stepping ~*~*~tactically~*~*~ (stealth).
  2422 | D:3      | 2422 ||| Stepping ~*~*~tactically~*~*~ (stealth).
  2443 | D:3      | 2443 ||| Stepping ~*~*~tactically~*~*~ (stealth).
  2447 | D:3      | Paralysed by Grinder for 5 turns
  2450 | D:3      | HP: 7/36 [Grinder (6)]
  2451 | D:3      | HP: 2/36 [Grinder (5)]
  2451 | D:3      | Slain by Grinder

Levels and vault maps discovered:
D:1:      minmay_arrival_stair_chambers, layout_rooms,
          hellmonk_ecumenical_altar_slurped_away, serial_curves, eino_curves_03,
          eino_curves_04, eino_curves_03, minmay_quantized
D:2:      layout_rooms, serial_shops, nicolae_diamond_shop,
          kennysheep_generic_room_11
D:3:      layout_rooms, nicolae_overflow_hidden_temple, uniq_grinder

Skill      XL: |  1  2  3 |
---------------+----------+-----
Axes           | 4 5 |  5.8
Throwing       | 1 |  1.0
Fighting       | |  3.6
Armour         | |  2.4
Dodging        | |  1.1

Action                   |  1- 3 |  4- 6 || total
-------------------------+-------+-------++-------
Melee: Hand axe          |    17 |       ||    17
       War axe           |    83 |    24 ||   107
       Punch             |       |     1 ||     1
Throw: Javelin           |    35 |     7 ||    42
Invok: Renounce Religion |     1 |       ||     1
  Use: Scroll            |     6 |     5 ||    11
       Potion            |     1 |       ||     1
Armor: Leather armour    |    23 |       ||    23
       Scale mail        |     9 |     7 ||    16
Dodge: Dodged            |    47 |     7 ||    54

Table legend:
 A = Non-vault XP
 B = Vault XP
 C = Vault XP percentage of total XP
 D = Non-vault monster count
 E = Vault monster count
 F = Vault count percentage of total count
                 A         B        C        D         E       F
            +---------+---------+-------+---------+---------+-------
      Total |     152 |       6 |   3.8 |      54 |       3 |   5.3
            +---------+---------+-------+---------+---------+-------
        D:1 |      47 |       6 |  11.3 |      29 |       3 |   9.4
        D:2 |      43 |       0 |   0.0 |      18 |       0 |   0.0
        D:3 |      62 |       0 |   0.0 |       7 |       0 |   0.0
            +---------+---------+-------+---------+---------+-------
